 Dungeon Crawl Stone Soup version 0.27.1-33-g824d729ab1 (webtiles) character file.

Game seed: 18057657874255124509

15 Descartes the Grasshopper (level 2, -1/13 HPs)
             Began as a Felid Warper on Dec 21, 2021.
             Slain by a quokka (4 damage)
             ... on level 2 of the Dungeon.
             The game lasted 00:02:17 (931 turns).

Descartes the Grasshopper (Felid Warper)             Turns: 931, Time: 00:02:18

Health: -1/13      AC:  1    Str:  7    XL:     2   Next: 34%
Magic:  6/6        EV: 18    Int: 14    God:
Gold:   50         SH:  0    Dex: 15    Spells: 3/5 levels left
                                        Lives:  0   Deaths: 0

rFire    . . .     SeeInvis +     - Unarmed
rCold    . . .     Faith    .   (shield unavailable)
rNeg     . . .     Spirit   .   (armour unavailable)
rPois    .         Reflect  .   (helmet unavailable)
rElec    .         Harm     .   (cloak unavailable)
rCorr    .         Rampage  .   (gloves unavailable)
Will     .....                  (boots unavailable)
Stlth    ++........             i - amulet of magic regeneration
HPRegen  0.04/turn              d - ring of flight
MPRegen  0.35/turn              (no ring)

@: flying, quick
A: very small, claws 1, fangs 3, see invisible, speed 1, shaggy fur 1, stealthy
paws, no weapons or thrown items, no armour, multi-lived
a: no special abilities


You were on level 2 of the Dungeon.
You visited 1 branch of the dungeon, and saw 2 of its levels.

You collected 50 gold pieces.

Inventory:

Missiles
 e - 31 stones
Jewellery
 d - a ring of flight (left paw)
 i - an amulet of magic regeneration (around neck)
Wands
 f - a wand of flame (25)
Scrolls
 a - a scroll of blinking
 g - a scroll of identify {unknown}
 h - a scroll of silence {unknown}
Potions
 b - 2 potions of brilliance {unknown}
 c - a potion of heal wounds {unknown}


   Skills:
 - Level 2.0 Fighting
 + Level 3.6 Dodging
 + Level 1.6 Stealth
 + Level 2.3 Unarmed Combat
 - Level 2.0 Spellcasting
 - Level 4.4 Translocations


You had 3 spell levels left.
You knew the following spells:

 Your Spells              Type           Power      Damage    Failure   Level
a - Blink                 Tloc           N/A        N/A       6%          2

Your spell library contained the following spells:

 Spells                   Type           Power      Damage    Failure   Level
 Gell's Gravitas          Tloc           6%         N/A       12%         3
 Lesser Beckoning         Tloc           6%         N/A       12%         3
 Teleport Other           Tloc           13%        N/A       12%         3
 Ensorcelled Hibernation  Hex/Ice        2%         N/A       34%         2
 Dazzling Flash           Conj/Hex       2%         N/A       56%         3
 Spider Form              Tmut/Pois      0%         N/A       56%         3
 Iskenderun's Mystic Bla  Conj/Tloc      7%         2d4       67%         4
 Manifold Assault         Tloc           13%        N/A       73%         5
 Shadow Creatures         Summ           N/A        N/A       100%        6
 Starburst                Conj/Fire      0%         6d3       100%        6


Dungeon Overview and Level Annotations

Branches:
Dungeon (2/15)

Altars:
Xom

Annotations:
D:2 1 runed translucent door, Crazy Yiuf


Innate Abilities, Weirdness & Mutations

You have sharp claws.
You have razor-sharp teeth.
You have supernaturally acute eyesight. (SInv)
You cover ground quickly. (Speed+)
You are covered in fur. (AC +1)
Your paws help you pounce on unaware monsters.
You are incapable of wielding weapons or throwing items.
You cannot wear armour.
You gain extra lives every three experience levels.


Message History

The kobold barely misses you.
You closely miss the hobgoblin. The rat closely misses you.
The hobgoblin closely misses you. The kobold closely misses you.
You completely miss the hobgoblin. The rat completely misses you.
The hobgoblin misses you. The kobold misses you.
You scratch the hobgoblin. You bite the hobgoblin.
You kill the hobgoblin!
The rat closely misses you. The kobold completely misses you.
You scratch the kobold.
You kill the kobold!
The rat misses you. The ball python completely misses you.
The ball python closely misses you.
You barely miss the ball python. The rat barely misses you.
The ball python closely misses you. x2
You scratch the quokka but do no damage.
The rat bites you. The quokka misses you. The ball python closely misses you.
The ball python barely misses you.
You scratch the quokka.
The quokka is heavily wounded.
The quokka closely misses you. The ball python misses you.
The ball python grabs you. The ball python constricts you.
The rat bites you but does no damage.
You closely miss the ball python. The quokka closely misses you.
The ball python bites you. The ball python constricts you.
The rat closely misses you. The quokka bites you.
* * * LOW HITPOINT WARNING * * *
You are too injured to fight recklessly!
You are too injured to fight recklessly!
You are too injured to fight recklessly!
You are too injured to fight recklessly!
You are too injured to fight recklessly!
You are too injured to fight recklessly!
You are too injured to fight recklessly!
You are too injured to fight recklessly!
You are too injured to fight recklessly!
You are too injured to fight recklessly!
You are too injured to fight recklessly!
You are too injured to fight recklessly!
You escape the ball python's grasp.
The quokka bites you.
You die...

#.....# ##....#
#....# #....#
#....# #....# .
###'## #
....###..#.####.
....$..@rS......
..$.####r)......
.. ##.......
....... .......
....... #..###.
..#


You could see a quokka, a ball python and a rat.

Vanquished Creatures
  A dart slug (D:1)
  3 endoplasms (D:1)
  2 giant cockroaches (D:1)
  2 hobgoblins
  A ball python (D:2)
  A bat (D:1)
  A frilled lizard (D:1)
  A kobold (D:2)
12 creatures vanquished.

Notes
Turn   | Place    | Note
-------+----------+-------------------------------------------
     0 | D:1      | Descartes the Felid Warper began the quest for the Orb.
     0 | D:1      | Reached XP level 1. HP: 9/9 MP: 4/4
   144 | D:1      | Reached skill level 1 in Stealth
   275 | D:1      | Reached XP level 2. HP: 6/13 MP: 6/6
   695 | D:2      | Found a runed translucent door.
   696 | D:2      | Noticed Crazy Yiuf
   847 | D:2      | Found a shimmering altar of Xom.
   891 | D:2      | Found a faded altar of an unknown god.
   896 | D:2      | Learned a level 2 spell: Blink
   931 | D:2      | Slain by a quokka

Illustrated notes

Levels and vault maps discovered:
D:1:      onia_arrival_mini_maze, layout_loops_cross
D:2:      layout_basic, chequers_ecumenical_altar_simple, basic_altar,
          uniq_crazy_yiuf_cottage

Skill      XL: |  1 |
---------------+----+-----
Stealth        | 1 |  1.6
Fighting       | |  2.0
Dodging        | |  3.6
Unarmed Combat | |  2.3
Spellcasting   | |  2.0
Translocations | |  4.4

Action                   || total
-------------------------++-------
Melee: Unarmed           ||    40
       Bite              ||     5
 Stab: Sleeping          ||     1
Armor: Skin              ||     2
Dodge: Dodged            ||    44
